Dungeon Sprint DCSS version 0.30-a0-860-g512cf1e979 (webtiles) character file.

Game seed: 16362982781359597237 8400000 BigDaddyOpFi the Intangible (level 27, -110/163 (228) HPs) Began as a Djinni Warper on Mar 7, 2023. Was the Champion of Makhleb. Killed from afar by a wretched soul (127 damage) ... with a bolt of negative energy ... in the Dungeon (Sprint VIII: "Arena of Blood"). The game lasted 00:01:50 (84 turns). BigDaddyOpFi the Intangible (Djinni Warper) Turns: 84, Time: 00:01:51 HP: -110/163 (228)AC: 6 Str: 10 XL: 27 Gold: 0 EV: 37 Int: 16 God: Makhleb [******] SH: 0 Dex: 26 rFire + + . SeeInvis . h - +∞ Axe of Woe rCold x . . Faith . (shield currently unavailable) rNeg . . . Spirit . a - +0 leather armour rPois ∞ Reflect . (no helmet) rElec . Rampage . (no cloak) rCorr . NoTele + (no gloves) Will ++... (boots unavailable) Stlth ++++++++++ (no amulet) HPRegen 0.47/turn (no ring) MPRegen 0.00/turn (no ring) @: flying, very heavily drained A: sickness immunity, fire resistance 2, cold vulnerability 1, float, innate caster, HP casting, extra vitality 1 a: Renounce Religion, Minor Destruction, Lesser Servant of Makhleb, Major Destruction, Greater Servant of Makhleb You were in the Dungeon. You worshipped Makhleb. Makhleb was exalted by your worship. You visited 1 branch

Inventory:

Hand Weapons
 h - the +∞ Axe of Woe (weapon)
   (You found it in the Dungeon)
Missiles
 c - 7 boomerangs of dispersal (quivered)
Armour
 a - a +0 leather armour (worn)
Scrolls
 b - 2 scrolls of blinking
Potions
 d - a potion of curing
 e - a potion of heal wounds
 f - a potion of haste
 g - a potion of berserk rage


   Skills:
 O Level 27 Fighting
 O Level 27 Short Blades
 O Level 27 Long Blades
 O Level 27 Axes
 O Level 27 Maces & Flails
 O Level 27 Polearms
 O Level 27 Staves
 O Level 27 Ranged Weapons
 O Level 27 Throwing
 O Level 27 Armour
 O Level 27 Dodging
 O Level 27 Stealth
 O Level 27 Shields
 O Level 27 Unarmed Combat
 O Level 27 Spellcasting
 O Level 27 Invocations
 O Level 27 Evocations


You knew the following spells:

 Your Spells              Type           Power      Damage    Failure   Level
a - Blink                 Tloc           100%       N/A       0%          2
b - Lesser Beckoning      Tloc           100%       N/A       0%          2
c - Vhi's Electric Charg  Tloc/Air       100%       N/A       0%          3
d - Teleport Other        Tloc           82%        N/A       0%          3
e - Manifold Assault      Tloc           82%        N/A       0%          4
f - Summon Small Mammal   Summ           100%       N/A       0%          1
g - Wereblood             Tmut           82%        N/A       0%          2
h - Searing Ray           Conj           100%       2d8       0%          2
i - Ignite Poison         Fire/Tmut/Pois 82%        N/A       0%          3
j - Animate Armour        Summ/Erth      100%       N/A       0%          4
k - Agony                 Necr           82%        N/A       0%          5
l - Statue Form           Tmut/Erth      54%        N/A       0%          6
m - Death Channel         Necr           41%        N/A       0%          6
n - Malign Gateway        Summ/Tloc      41%        N/A       1%          7
o - Lehudib's Crystal Sp  Conj/Erth      41%        10d10     1%          8
p - Dragon Form           Tmut           41%        N/A       1%          7
q - Summon Horrible Thin  Summ           41%        N/A       1%          8
r - Dragon's Call         Summ           41%        N/A       2%          9
Your spell library was empty.

Dungeon Overview and Level Annotations

Branches:
Dungeon (1/1)

Altars:
Makhleb


Innate Abilities, Weirdness & Mutations

You are immune to sickness and miasma.
You are immune to poison.
Your flesh is very heat resistant. (rF++)
You are vulnerable to cold. (rC-)
You float through the air rather than walking.
You learn spells naturally, not from books.
Your magical power is your life essence.
You have superior vitality. (+4 MHP)


Message History

You feel better.
You slice the bag of meat!! You chop the bag of meat into pieces.
You kill the bag of meat!
Makhleb accepts your kill.
You feel better.
You hear a shout! x2
The destroyer points at you and mumbles some strange words.
The destroyer blinks!
You hear a shout! x2
The sculptor of flesh is engulfed in blazing flames.
Unknown command.
You slice the destroyer!!
You hew the destroyer savagely.
You destroy the destroyer!
Makhleb accepts your kill.
You feel better.
You slice the sculptor of flesh!!
You hew the sculptor of flesh savagely.
You destroy the sculptor of flesh!
Makhleb accepts your kill.
You hear a shout! x2
A meat berserker comes into view. It is wielding a +9 battleaxe.
You hear a shout! x2
A bolt of negative energy appears from out of thin air!
The bolt of negative energy hits something.
Deactivating autopickup; reactivate with Ctrl-A.
The bolt of negative energy hits you!!!!
You feel drained.
* * * LOW HITPOINT WARNING * * *
A meat beast comes into view.
You hear a shout! x2
An eight-headed meat hydra comes into view.
The dread calls on the powers of darkness!
The meat berserker convulses!
Your body is wracked with pain!
* * * LOW HITPOINT WARNING * * *
The meat berserker convulses!
The eight-headed meat hydra convulses!
You hear a shout! x2
A bolt of negative energy appears from out of thin air!
The bolt of negative energy hits you!!!!
You feel drained.
Ouch! That really hurt!
You die...

...#_.<§o#..... .
...#..)))#.§... .#.
......_)))......
.........###)........#
....###...)...###.....
......#....)W.#........
......#.))....#........
.....O.).)..†).........
#......))).)@O○§..#...#
.......)))..§§)§.#....#
#...........{§§##.....#
.....#..)...{§#°†....#
..............#.D.###..
....##.#.O...........
... ........D..........
### ...D#.....####2....
............. .....


You could see a meat beast (wandering, fast), 3 eight-headed meat hydras, a
dread and 3 meat berserkers.

Vanquished Creatures
  3 hell beasts (D)
  A royal mummy (D)
  3 wraiths (D)
  11 vampire knights (D)
  32 ogres (D)
  9 two-headed ogres (D)
  4 hydras (D)
  35 orcs (D)
  6 skeletal warriors (D)
104 creatures vanquished.

Notes
Turn   | Place    | Note
-------+----------+-------------------------------------------
     0 | D        | Found the +∞ Axe of Woe
     0 | D        | BigDaddyOpFi the Djinni Warper began the quest for the Orb.
     0 | D        | BigDaddyOpFi set off with the following spells memorised:
                  | Blink, Lesser Beckoning, Vhi's Electric Charge, Teleport
                  | Other, Manifold Assault.
     0 | D        | Reached XP level 1. HP: 18/18 MP: 0/0
     2 | D        | Noticed a bag of meat
     4 | D        | Became a worshipper of Makhleb the Destroyer
     4 | D        | Noticed a bag of meat
     4 | D        | Noticed a bag of meat
     6 | D        | Noticed a meat berserker
     6 | D        | Noticed a bag of meat
     7 | D        | Killed a bag of meat
     7 | D        | Noticed a bag of meat
     7 | D        | Noticed a meat berserker
     8 | D        | Reached skill level 10 in Dodging
     8 | D        | Reached XP level 2. HP: 34/34 MP: 0/0
     8 | D        | Reached XP level 3. HP: 39/39 MP: 0/0
     8 | D        | Learned a level 1 spell: Summon Small Mammal
     8 | D        | Reached XP level 4. HP: 45/45 MP: 0/0
     8 | D        | Reached XP level 5. HP: 50/50 MP: 0/0
     8 | D        | Learned a level 2 spell: Wereblood
     8 | D        | Reached XP level 6. HP: 56/56 MP: 0/0
     8 | D        | Reached XP level 7. HP: 61/61 MP: 0/0
     8 | D        | Learned a level 2 spell: Searing Ray
     8 | D        | Reached XP level 8. HP: 67/67 MP: 0/0
     8 | D        | Reached XP level 9. HP: 72/72 MP: 0/0
     8 | D        | Learned a level 3 spell: Ignite Poison
     8 | D        | Reached XP level 10. HP: 78/78 MP: 0/0
     8 | D        | Reached XP level 11. HP: 84/84 MP: 0/0
     8 | D        | Learned a level 4 spell: Animate Armour
     8 | D        | Killed a bag of meat
     8 | D        | Reached * piety under Makhleb
     8 | D        | Noticed a meat berserker
     9 | D        | Reached skill level 10 in Fighting
     9 | D        | Reached skill level 10 in Armour
     9 | D        | Reached skill level 10 in Unarmed Combat
     9 | D        | Reached skill level 10 in Invocations
     9 | D        | Reached XP level 12. HP: 92/92 MP: 0/0
     9 | D        | Killed a meat berserker
     9 | D        | Noticed a meat berserker
     9 | D        | Noticed a meat berserker
    10 | D        | Reached skill level 10 in Axes
    10 | D        | Reached skill level 10 in Throwing
    10 | D        | Reached XP level 13. HP: 101/101 MP: 0/0
    10 | D        | Learned a level 5 spell: Agony
    10 | D        | Noticed a bag of meat
    11 | D        | Killed a meat berserker
    11 | D        | Killed a meat berserker
    11 | D        | Reached ** piety under Makhleb
    12 | D        | Reached skill level 15 in Dodging
    12 | D        | Reached XP level 14. HP: 112/112 MP: 0/0
    12 | D        | Reached XP level 15. HP: 117/117 MP: 0/0
    12 | D        | Learned a level 6 spell: Statue Form
    12 | D        | Noticed a meat berserker
    13 | D        | Killed a meat berserker
    14 | D        | Reached skill level 15 in Fighting
    14 | D        | Reached skill level 15 in Armour
    14 | D        | Reached skill level 15 in Unarmed Combat
    14 | D        | Reached skill level 15 in Invocations
    14 | D        | Killed a meat berserker
    14 | D        | Reached *** piety under Makhleb
    14 | D        | Noticed a meat berserker
    15 | D        | Reached skill level 15 in Stealth
    15 | D        | Reached XP level 16. HP: 28/129 MP: 0/0
    15 | D        | Noticed a meat berserker
    15 | D        | Noticed a meat berserker
    15 | D        | Noticed a meat berserker
    15 | D        | Noticed a meat berserker
    16 | D        | Killed a meat berserker
    17 | D        | Reached XP level 17. HP: 59/136 MP: 0/0
    17 | D        | Learned a level 6 spell: Death Channel
    17 | D        | Reached **** piety under Makhleb
    17 | D        | Noticed a meat berserker
    17 | D        | Noticed a meat berserker
    17 | D        | Noticed a destroyer
    17 | D        | Noticed a destroyer
    18 | D        | Killed a destroyer
    18 | D        | Killed a meat berserker
    18 | D        | Noticed a large bag of meat
    19 | D        | Reached skill level 15 in Spellcasting
    19 | D        | Reached XP level 18. HP: 58/148 MP: 0/0
    19 | D        | Killed a meat berserker
    19 | D        | Reached ***** piety under Makhleb
    19 | D        | Killed a meat berserker
    19 | D        | Killed a meat berserker
    20 | D        | Reached XP level 19. HP: 86/157 MP: 0/0
    20 | D        | Learned a level 7 spell: Malign Gateway
    20 | D        | Killed a meat berserker
    20 | D        | Noticed a large bag of meat
    20 | D        | Noticed a destroyer
    21 | D        | Killed a meat berserker
    22 | D        | Killed a meat berserker
    22 | D        | Noticed a meat berserker
    23 | D        | Reached XP level 20. HP: 169/169 MP: 0/0
    23 | D        | Killed a destroyer
    23 | D        | Reached ****** piety under Makhleb
    23 | D        | Killed a destroyer
    24 | D        | Killed a large bag of meat
    25 | D        | Reached XP level 21. HP: 169/180 MP: 0/0
    25 | D        | Learned a level 8 spell: Lehudib's Crystal Spear
    26 | D        | Reached skill level 27 in Dodging
    26 | D        | Noticed an eight-headed meat hydra
    26 | D        | Noticed a large bag of meat
    26 | D        | Noticed a large bag of meat
    26 | D        | Noticed a meat berserker
    27 | D        | Reached XP level 22. HP: 191/191 MP: 0/0
    27 | D        | Noticed a large bag of meat
    27 | D        | Killed a large bag of meat
    28 | D        | Noticed a destroyer
    28 | D        | Noticed a destroyer
    28 | D        | Killed a large bag of meat
    28 | D        | Noticed a meat berserker
    29 | D        | Killed a large bag of meat
    29 | D        | Noticed a large bag of meat
    30 | D        | Reached skill level 27 in Fighting
    30 | D        | Reached skill level 27 in Armour
    30 | D        | Reached skill level 27 in Unarmed Combat
    30 | D        | Reached skill level 27 in Invocations
    30 | D        | Killed a meat berserker
    31 | D        | Killed a meat berserker
    31 | D        | Noticed a meat berserker
    33 | D        | Reached XP level 23. HP: 89/201 MP: 0/0
    33 | D        | Learned a level 7 spell: Dragon Form
    33 | D        | Killed a destroyer
    34 | D        | Reached skill level 27 in Stealth
    34 | D        | Noticed a destroyer
    36 | D        | Killed a large bag of meat
    36 | D        | Noticed a destroyer
    37 | D        | Killed a destroyer
    38 | D        | Reached skill level 27 in Axes
    38 | D        | Reached skill level 27 in Throwing
    38 | D        | Killed a large bag of meat
    39 | D        | Reached skill level 27 in Spellcasting
    39 | D        | Reached skill level 5 in Maces & Flails
    39 | D        | Reached skill level 5 in Polearms
    39 | D        | Killed a destroyer
    40 | D        | Reached XP level 24. HP: 204/208 MP: 0/0
    41 | D        | Noticed a destroyer
    42 | D        | Killed a destroyer
    43 | D        | Killed a destroyer
    43 | D        | Noticed an accursed
    45 | D        | Noticed a destroyer
    45 | D        | Noticed a large bag of meat
    45 | D        | Killed an accursed
    46 | D        | Reached XP level 25. HP: 194/214 MP: 0/0
    46 | D        | Learned a level 8 spell: Summon Horrible Things
    50 | D        | Reached skill level 27 in Maces & Flails
    50 | D        | Reached skill level 27 in Polearms
    50 | D        | Killed a large bag of meat
    54 | D        | Reached XP level 26. HP: 221/221 MP: 0/0
    54 | D        | Killed a destroyer
    56 | D        | Reached skill level 27 in Staves
    56 | D        | Reached skill level 5 in Shields
    56 | D        | Reached skill level 5 in Evocations
    59 | D        | Noticed a meat beast
    63 | D        | Reached skill level 10 in Short Blades
    63 | D        | Reached skill level 10 in Long Blades
    63 | D        | Noticed a large bag of meat
    64 | D        | Killed a meat beast
    65 | D        | Reached XP level 27. HP: 228/228 MP: 0/0
    65 | D        | Learned a level 9 spell: Dragon's Call
    65 | D        | Noticed a destroyer
    65 | D        | Noticed a large bag of meat
    67 | D        | Killed a destroyer
    69 | D        | Noticed a dread
    70 | D        | Noticed a meat beast
    70 | D        | Noticed a dread
    72 | D        | Killed a large bag of meat
    74 | D        | Killed a meat beast
    75 | D        | Reached skill level 27 in Short Blades
    75 | D        | Reached skill level 27 in Long Blades
    75 | D        | Reached skill level 27 in Ranged Weapons
    75 | D        | Reached skill level 27 in Shields
    75 | D        | Reached skill level 27 in Evocations
    75 | D        | Noticed a dread
    76 | D        | Killed a large bag of meat
    76 | D        | Noticed a meat beast
    76 | D        | Noticed a dread
    77 | D        | Killed a meat beast
    79 | D        | HP: 10/228 [something (5)]
    79 | D        | HP: 4/228 [??? (1)]
    80 | D        | Killed a dread
    80 | D        | Killed a dread
    82 | D        | Killed a dread
    82 | D        | Noticed a destroyer
    84 | D        | Killed a destroyer
    84 | D        | Noticed a meat beast
    84 | D        | Killed from afar by a wretched soul

Illustrated notes

Levels and vault maps discovered:
D:        meatsprint

Skill      XL: |  1  2  3  4  5  6  7  8  9 10 11 12 13 14 15 16 17 18 19 20 21 22 23 24 25 26 27 |
---------------+----------------------------------------------------------------------------------+-----
Fighting       | 9 10 12 14 16 17 19 20 22 24 26 27 | 27.0
Axes           | 7 8 10 12 14 16 17 19 21 22 24 27 | 27.0
Throwing       | 7 8 10 12 14 16 17 19 21 22 24 27 | 27.0
Armour         | 8 10 12 14 16 17 19 20 22 24 25 27 | 27.0
Dodging        | 10 11 13 15 17 18 20 22 24 26 27 | 27.0
Stealth        | 8 9 11 13 15 17 19 20 22 24 26 27 | 27.0
Unarmed Combat | 9 10 12 14 16 17 19 20 22 24 26 27 | 27.0
Spellcasting   | 7 8 9 11 13 15 16 18 19 20 22 27 | 27.0
Invocations    | 8 10 12 14 16 17 19 20 22 24 25 27 | 27.0
Maces & Flails | 11 25 27 | 27.0
Polearms       | 11 25 27 | 27.0
Staves         | 21 27 | 27.0
Short Blades   | 17 27 | 27.0
Long Blades    | 17 27 | 27.0
Ranged Weapons | 16 27 | 27.0
Shields        | 19 27 | 27.0
Evocations     | 19 27 | 27.0

Action                     |  1- 3 |  4- 6 |  7- 9 | 10-12 | 13-15 | 16-18 | 19-21 | 22-24 | 25-27 || total
---------------------------+-------+-------+-------+-------+-------+-------+-------+-------+-------++-------
  Melee: Executioner's axe |     1 |       |       |     2 |     4 |     4 |     7 |    19 |    29 ||    66
   Cast: Vhi's Electric Ch |       |       |       |       |       |       |     1 |     5 |     3 ||     9
  Dodge: Dodged            |       |       |       |       |     1 |     1 |       |       |     1 ||     3

Table legend: (Time is in decaauts)
 A = Elapsed time spent in this place.
 B = Non-inter-level travel time spent in this place.
 C = Inter-level travel time spent in this place.
 D = Time resting spent in this place.
 E = Time spent auto-exploring this place.
 F = Levels seen in this place.
 G = Mean time per level.
                   A        B        C        D        E       F      G
               +--------+--------+--------+--------+--------+-----+--------+
         Total |     75 |     75 |      0 |      0 |      0 |   1 |   75.0 |
       Dungeon |     75 |     75 |      0 |      0 |      0 |   1 |   75.0 |
               +--------+--------+--------+--------+--------+-----+--------+

Top non-repeatable levels by time:
       D: 75 daAuts
